 Dungeon Crawl Stone Soup version 0.25-a0-737-g26c3a87c45 (webtiles) character file.

Game seed: 17654588705632291537, levelgen mode: deterministic

359944 mortelune the Tortoise (level 23, -2/187 HPs)
             Began as a Formicid Hunter on Apr 11, 2020.
             Was the Champion of Okawaru.
             Slain by a phantasmal warrior (34 damage)
             ... led by a death knight
             ... on level 3 of the Vaults.
             The game lasted 02:41:28 (51800 turns).

mortelune the Tortoise (Formicid Hunter)           Turns: 51800, Time: 02:41:28

Health: -2/187     AC: 25    Str: 25      XL:     23   Next: 45%
Magic:  33/38      EV: 16    Int: 17      God:    Okawaru [******]
Gold:   2968       SH: 13    Dex:  6 (7)  Spells: 35/44 levels left

rFire    . . .     SeeInvis +   b - +6 lajatang "Qookhleq" {freeze, Int+4}
rCold    . . .     Gourm    .   x - +2 kite shield
rNeg     . . .     Faith    .   t - +4 storm dragon scales {Bai Suzhen}
rPois    .         Spirit   .   (helmet unavailable)
rElec    +         Reflect  .   F - scarf {repulsion}
rCorr    .         Harm     .   s - +0 pair of gloves
MR       ++...                  u - +0 pair of boots
Stlth    ..........             w - amulet of regeneration
HPRegen  0.81/turn              E - +5 ring of evasion
MPRegen  0.26/turn              o - ring of Understanding {*Drain +Fly MR++ Dex-4 Slay+4}

@: vulnerable, repel missiles
A: permanent stasis, dig shafts and tunnels, four strong arms, antennae 3
}: 2/15 runes: serpentine, barnacled
a: Dig, Shaft Self, Heroism, Finesse, Renounce Religion, Evoke Flight


You were on level 3 of the Vaults.
You worshipped Okawaru.
Okawaru was exalted by your worship.
You were hungry.

You visited 7 branches of the dungeon, and saw 36 of its levels.
You visited the Abyss 1 time.
You also visited: Ice Cave.

You collected 4188 gold pieces.
You spent 1220 gold pieces at shops.

Inventory:

Hand Weapons
 a - a +1 arbalest of flaming
 b - the +6 lajatang "Qookhleq" (weapon) {freeze, Int+4}
   (Okawaru gifted it to you on level 4 of the Shoals)

   It has been specially enchanted to freeze those struck by it, causing extra
   injury to most foes and up to half again as much damage against particularly
   susceptible opponents.
   It can also slow down cold-blooded creatures.
   It affects your intelligence (+4).
 c - the +3 morningstar of Fedhas's Delight {elec, Dex+4 SInv}
   (You found it on level 2 of the Abyss)

   Occasionally, upon striking a foe, it will discharge some electrical energy
   and cause terrible harm.
   It affects your dexterity (+4).
   It lets you see invisible.
 R - a +6 antimagic lajatang
 S - the +10 hunting sling "Tint" {vorpal, *Contam rPois rF++ Int+2}
   (You found it on level 10 of the Dungeon)

   Any stone fired from it inflicts extra damage.
   It affects your intelligence (+2).
   It greatly protects you from fire.
   It protects you from poison.
   It causes magical contamination when unequipped.
Missiles
 d - 1219 bolts
 D - 13 silver javelins (quivered)
 N - 91 sling bullets
Armour
 q - the +4 plate armour of Elyvilon's Generosity {rC+ rN+}
   (You bought it in a shop on level 2 of the Orcish Mines)

   It protects you from cold.
   It protects you from negative energy.
 s - a +0 pair of gloves (worn)
 t - +4 storm dragon scales (worn) {Bai Suzhen}
 u - a +0 pair of boots (worn)
 x - a +2 kite shield (worn)
 F - a scarf of repulsion (worn)
 I - a +0 plate armour of fire resistance
Jewellery
 g - an uncursed ring of protection from fire
 o - the ring of Understanding (right hand) {*Drain +Fly MR++ Dex-4 Slay+4}
   (You acquired it on level 1 of the Vaults)

   [ring of flight]

   It affects your dexterity (-4).
   It affects your accuracy and damage with ranged weapons and melee attacks
   (+4).
   It affects your resistance to hostile enchantments.
   It lets you fly.
   It causes draining when unequipped.
 v - a +4 amulet of reflection
 w - an amulet of regeneration (around neck)
 y - an uncursed ring of resist corrosion
 z - an uncursed ring of protection from cold
 E - a +5 ring of evasion (left hand)
Wands
 B - a wand of scattershot (14)
 H - a wand of digging (7)
 J - a wand of acid (17)
 M - a wand of iceblast (20)
 O - a wand of clouds (7)
 Z - a wand of paralysis (8)
Scrolls
 i - 17 scrolls of remove curse
 l - 6 scrolls of fog
 r - 8 scrolls of fear
 A - 9 scrolls of amnesia
 C - 5 scrolls of enchant armour
 L - a scroll of summoning
 T - a scroll of magic mapping
 Y - 2 scrolls of immolation
Potions
 e - 3 potions of heal wounds
 h - 5 potions of might
 k - 2 potions of ambrosia
 n - 4 potions of brilliance
 p - 2 potions of flight
 G - 10 potions of curing
 K - a potion of cancellation
 P - a potion of resistance
 Q - 4 potions of lignification
 V - 4 potions of magic
 W - a potion of mutation
Miscellaneous
 j - a lightning rod (4/4)
 m - 2 phantom mirrors
Comestibles
 f - 42 rations


   Skills:
 + Level 17.0 Fighting
   Level 4.3 Short Blades
 - Level 14.0 Staves
 - Level 2.1 Slings
 * Level 17.5 Crossbows
 - Level 18.0 Armour
 + Level 6.4 Dodging
 - Level 1.2 Stealth
 - Level 9.0 Shields
 - Level 11.3 Spellcasting
 + Level 7.6 Hexes
 - Level 10.1 Translocations
 - Level 9.0 Invocations


You had 35 spell levels left.
You knew the following spells:

 Your Spells              Type           Power        Failure   Level  Hunger
a - Portal Projectile     Hex/Tloc       #####.       1%          3    None
b - Passage of Golubria   Tloc           N/A          3%          4    ##.....
c - Shroud of Golubria    Chrm/Tloc      ####..       4%          2    None

Your spell library contained the following spells:

 Spells                   Type           Power        Failure   Level  Hunger
 Apportation              Tloc           #####.       1%          1    None
 Corona                   Hex            #####..      1%          1    None
 Slow                     Hex            #####...     1%          2    None
 Gell's Gravitas          Tloc           #####.....   1%          3    None
 Lesser Beckoning         Tloc           #####.....   1%          3    None
 Teleport Other           Tloc           #####...     1%          3    None
 Confusing Touch          Hex            #####...     3%          3    None
 Tukima's Dance           Hex            #####...     3%          3    None
 Ensorcelled Hibernation  Hex/Ice        ###...       9%          2    None
 Cause Fear               Hex            #####.....   11%         4    ##.....
 Dazzling Flash           Conj/Hex       ###...       16%         3    None
 Inner Flame              Hex/Fire       ###.....     16%         3    None
 Beastly Appendage        Tmut           #.....       26%         1    None
 Foxfire                  Conj/Fire      #...         26%         1    None
 Freeze                   Ice            #...         26%         1    None
 Magic Dart               Conj           #...         26%         1    None
 Sandblast                Erth           #.....       26%         1    None
 Sting                    Tmut/Pois      #...         26%         1    None
 Summon Butterflies       Summ           #.......     26%         1    None
 Iskenderun's Mystic Bla  Conj/Tloc      ####....     30%         4    ##.....
 Passwall                 Tmut/Erth      #.......     36%         2    None
 Poisonous Vapours        Pois/Air       #.....       36%         2    None
 Searing Ray              Conj           #.....       36%         2    None
 Sticks to Snakes         Tmut           #.......     36%         2    None
 Fulminant Prism          Conj/Hex       ###.......   47%         4    ##.....
 Leda's Liquefaction      Hex/Erth       ###.......   47%         4    ##.....
 Dispersal                Tloc           #####.....   52%         6    ######.
 Ignite Poison            Fire/Tmut/Pois #.......     58%         3    None
 Mephitic Cloud           Conj/Pois/Air  #.......     58%         3    None
 Spider Form              Tmut/Pois      #.........   58%         3    None
 Stone Arrow              Conj/Erth      #.....       58%         3    None
 Metabolic Englaciation   Hex/Ice        ###.......   83%         5    #####..
 Invisibility             Hex            #####...     86%         6    ######.
 Animate Dead             Necr           N/A          94%         4    ##.....
 Dispel Undead            Necr           #.......     94%         4    ##.....
 Hailstorm                Conj/Ice       #.......     94%         4    ##.....
 Ice Form                 Ice/Tmut       #.......     94%         4    ##.....
 Olgreb's Toxic Radiance  Pois           #.......     94%         4    ##.....
 Petrify                  Tmut/Erth      #.......     94%         4    ##.....
 Alistair's Intoxication  Tmut/Pois      #.......     100%        5    #####..
 Blade Hands              Tmut           #.........   100%        5    #####..
 Bolt of Magma            Conj/Fire/Erth #.........   100%        5    #####..
 Excruciating Wounds      Chrm/Necr      #.........   100%        5    #####..
 Fireball                 Conj/Fire      #.........   100%        5    #####..
 Lee's Rapid Deconstruct  Erth           #.........   100%        5    #####..
 Conjure Ball Lightning   Conj/Air       #.........   100%        6    ######.
 Iron Shot                Conj/Erth      #.........   100%        6    ######.
 Statue Form              Tmut/Erth      #........    100%        6    ######.
 Ring of Flames           Chrm/Fire      #.........   100%        7    #######
 Chain Lightning          Conj/Air       #.........   100%        8    #######
 Lehudib's Crystal Spear  Conj/Erth      #.........   100%        8    #######
 Absolute Zero            Ice            #.........   100%        9    #######
 Fire Storm               Conj/Fire      #.........   100%        9    #######
 Shatter                  Erth           #.........   100%        9    #######
 Blink                    Tloc           Unusable     N/A         2    N/A

Dungeon Overview and Level Annotations

Branches:
Dungeon (15/15)            Temple (1/1) D:4            Lair (6/6) D:10
 Shoals (4/4) Lair:4        Snake (4/4) Lair:3        Slime (0/5) Lair:5
    Orc (2/2) D:12            Elf (0/3) Orc:2        Vaults (4/5) D:13
  Crypt (0/3) Vaults:2     Depths (0/5) D:15          IceCv (visited)

Altars:
Ashenzari
Cheibriados
Dithmenos
Elyvilon
Fedhas
Gozag
Hepliaklqana
Kikubaaqudgha
Makhleb
Nemelex Xobeh
Okawaru
Qazlal
Ru
Sif Muna
Trog
Uskayaw
Vehumet
Wu Jian
Xom
Yredelemnul
Zin
The Shining One
Beogh
Jiyva

Shops:
Orc:2 =*([

Annotations:
Lair:5 1 runed translucent door
Shoals:1 3 runed translucent doors, exclusion: obsidian statue, jt's ghost, journeyman DgFi
Shoals:2 1 exclusion
Vaults:3 3 runed translucent doors, Vileos's ghost, adept DsGl; Xiaferph's ghost, veteran GnWz


Innate Abilities, Weirdness & Mutations

You cannot be hasted, slowed, berserked, paralysed or teleported.
You can dig through walls and to a lower floor.
Your four strong arms can wield two-handed weapons with a shield.
You have a pair of large antennae on your head. (SInv)


Message History

You kill the deep elf mage!
Okawaru accepts your kill.
The ice beast disappears in a puff of smoke!
You block the phantasmal warrior's attack.
You hit the phantasmal warrior. You freeze the phantasmal warrior.
The phantasmal warrior is lightly damaged.
You closely miss the phantasmal warrior.
The phantasmal warrior is lightly damaged.
The phantasmal warrior hits you!!
You hit the phantasmal warrior.
The phantasmal warrior is lightly damaged.
The phantasmal warrior misses you.
You slash the phantasmal warrior! You freeze the phantasmal warrior.
The phantasmal warrior is heavily damaged.
You barely miss the phantasmal warrior.
The phantasmal warrior is heavily damaged.
The phantasmal warrior hits you!!!
* * * LOW HITPOINT WARNING * * *
You feel much better. The phantasmal warrior hits you!!
You die...

#### ...# ...#
...# ## ...#
######### ####
#. ...#
#.......#
#..### #. ...#
###.[###..###
##....### #.
...# #...##
##.W@#
#.......###.
'### #..##
##.)#
##.........#.
...# #.## ##.#
#..........'.
##.# #.# #.#
##........(###
##.# #.## ##.#
#..........#
...# #..##
##..#
#.........##
##.# #...##
##...#
###.......#
##.#
###..###..###
###....## ...#
#.......#
###(.#


You could see a phantasmal warrior.

Vanquished Creatures
  Bai Suzhen (Shoals:4)
  Saint Roka (Orc:1)
  Asterion (Snake:2)
  Jorgrun (Lair:3)
  2 krakens
  A tengu reaver (Vaults:2)
  10 nagarajas
  2 deep elf sorcerers
  An orc warlord (Orc:2)
  8 vault wardens
  5 very ugly things (Abyss:2)
  Aizul (Lair:3)
  A curse skull (Vaults:2)
  9 ironheart preservers
  A war gargoyle (Vaults:3)
  4 stone giants
  A deep elf demonologist (Vaults:2)
  3 deep elf annihilators
  The ghost of Thantalas the Grappler, a journeyman TrFi of Zin (Lair:1)
  A red draconian (Abyss:2)
  An ettin (Orc:1)
  A fire dragon (Vaults:3)
  Snorg (Lair:6)
  9 merfolk impalers
  A crystal guardian (Vaults:2)
  7 ogre magi
  3 merfolk javelineers
  A deep elf death mage (Vaults:2)
  7 yaktaur captains
  A great orb of eyes (Vaults:2)
  Erolcha (D:10)
  12 hydras
  11 centaur warriors
  15 naga warriors
  6 ice dragons
  2 rakshasas
  8 vault guards
  4 anacondas
  32 two-headed ogres
  An alligator (shapeshifter) (D:15)
  2 satyrs (Shoals:1)
  A merfolk aquamancer (Shoals:4)
  2 merfolk avatars
  A deep troll shaman (Vaults:3)
  A hell hog (Abyss:2)
  A queen ant (D:10)
  9 shock serpents
  2 orc high priests (Orc:2)
  10 naga sharpshooters
  2 thrashing horrors (Abyss:2)
  The ghost of Gun Zenu the Fighter, a novice GrFi of Okawaru (D:9)
  Sonja (D:13)
  8 deep elf knights
  Urug (D:11)
  A soul eater (Vaults:2)
  A wretched star (Abyss:2)
  7 salamander mystics
  11 sea snakes
  3 deep trolls
  2 unseen horrors
  8 naga ritualists
  2 glowing orange brains
  8 skeletal warriors
  10 deep elf archers
  A flayed ghost (Vaults:1)
  22 harpies
  7 ironbrand convokers
  A lindwurm (shapeshifter) (Vaults:2)
  10 orc knights
  26 ugly things
  3 necromancers
  A phantasmal warrior (Vaults:2)
  4 oklob plants (Lair:6)
  2 wolf spiders
  8 mana vipers
  A sphinx zombie (Vaults:2)
  A stone giant zombie (Vaults:2)
  6 orc sorcerers
  A mana viper (shapeshifter) (D:14)
  9 deep elf magi
  9 cyclopes
  A moth of wrath (D:9)
  17 salamanders
  5 elephants (Lair:4)
  11 fauns
  11 manticores
  17 vault sentinels
  A stone giant skeleton (Vaults:3)
  9 merfolk sirens
  8 water nymphs
  2 ice statues (IceCv)
  21 naga magi
  23 black mambas
  3 gargoyles
  2 torpor snails
  4 kobold demonologists
  8 spiny frogs
  34 yaktaurs
  A yaktaur (shapeshifter) (D:15)
  A yaktaur zombie (Vaults:3)
  4 rime drakes
  2 tengu conjurers (D:14)
  4 freezing wraiths
  11 komodo dragons
  21 merfolk
  2 large abominations (Abyss:2)
  A meliai (shapeshifter) (D:15)
  6 polar bears
  9 trolls
  A yaktaur skeleton (Vaults:2)
  A polar bear (shapeshifter) (Vaults:2)
  12 hornets
  2 queen bees
  3 meliai
  A tengu simulacrum (Vaults:2)
  12 snapping turtles
  3 wind drakes
  9 blink frogs
  8 slime creatures
  A dream sheep (shapeshifter) (D:14)
  A raiju (Abyss:2)
  15 hippogriffs
  4 dream sheep
  An ettin skeleton (Vaults:3)
  A shadow (D:13)
  14 spriggans
  A fire giant simulacrum (Vaults:2)
  7 water elementals
  4 basilisks
  60 yaks
  3 vampires
  A golden eye (shapeshifter) (Abyss:2)
  Grum (Lair:1)
  4 wraiths
  A redback simulacrum (D:14)
  4 hungry ghosts
  7 vampire mosquitoes
  43 nagas
  A yaktaur simulacrum (Vaults:2)
  4 wargs
  5 acid dragons
  A hell hound (Abyss:2)
  5 soldier ants (D:10)
  Duvessa (D:5)
  34 orc warriors
  10 water moccasins
  15 ice beasts
  10 porcupines
  A phantom (D:6)
  A hornet zombie (D:14)
  4 sky beasts
  5 black bears
  16 ogres
  A necrophage (D:6)
  25 wolves
  15 boggarts
  2 human skeletons (Vaults:2)
  29 centaurs
  9 crocodiles
  A big kobold (D:8)
  Blork the orc (Orc:2)
  10 bullfrogs
  A wyvern zombie (D:12)
  Dowan (D:5)
  A wyvern skeleton (D:11)
  5 scorpions
  A water moccasin skeleton (D:6)
  45 killer bees
  5 wights (D:15)
  6 howler monkeys
  An electric eel (Lair:3)
  10 crimson imps
  2 centaur zombies
  A bullfrog zombie (D:12)
  A quasit (D:14)
  6 jellies
  7 hounds
  13 orc wizards
  10 orc priests
  7 centaur skeletons
  13 iguanas
  A bullfrog skeleton (D:9)
  Ijyb (D:5)
  24 worker ants
  3 small abominations (Abyss:2)
  A hound zombie (D:5)
  A worker ant zombie (D:10)
  A howler monkey zombie (D:7)
  8 gnolls
  7 adders
  5 shadow imps
  14 white imps
  An adder zombie (D:6)
  3 adder skeletons
  A worm (D:2)
  2 dart slugs
  5 leopard geckos
  47 orcs
  3 ball pythons
  4 bats
  7 giant cockroaches
  5 goblins
  3 hobgoblins
  6 jackals
  10 kobolds
  A quokka (D:5)
  A frilled lizard (D:2)
  A jackal skeleton (D:5)
  A quokka skeleton (D:5)
  A rat (D:3)
  A plant (Shoals:1)
  5 tentacles (Shoals:3)
1366 creatures vanquished.

Vanquished Creatures (others)
  A lich (Vaults:3)
  2 yaktaurs
  An orc warrior (Vaults:3)
  An orc (Vaults:2)
  A bush (D:7)
  2 fungi
  7 plants
  12 tentacles
27 creatures vanquished.

Grand Total: 1393 creatures vanquished

Notes
Turn   | Place    | Note
-------+----------+-------------------------------------------
     0 | D:1      | mortelune the Formicid Hunter began the quest for the Orb.
     0 | D:1      | Reached XP level 1. HP: 16/16 MP: 1/1
   151 | D:1      | Reached XP level 2. HP: 23/23 MP: 2/2
   198 | D:1      | Reached XP level 3. HP: 21/28 MP: 3/3
  1027 | D:2      | Found a shattered altar of Ashenzari.
  1370 | D:2      | Reached XP level 4. HP: 35/35 MP: 4/4
  1643 | D:3      | Reached skill level 1 in Armour
  1765 | D:3      | Reached XP level 5. HP: 41/41 MP: 5/5
  2036 | D:3      | Reached skill level 1 in Shields
  2356 | D:4      | Found a basalt altar of Yredelemnul.
  2447 | D:4      | Found a staircase to the Ecumenical Temple.
  2463 | D:4      | Noticed an ogre
  2495 | D:3      | Reached skill level 5 in Crossbows
  2495 | D:3      | Reached skill level 2 in Armour
  2495 | D:3      | Reached XP level 6. HP: 40/48 MP: 6/6
  2583 | D:4      | Got a transparent rapier
  2584 | D:4      | Identified the +7 rapier "Jiet Ralia" {drain, Str+3} (You
                  | found it on level 4 of the Dungeon)
  2647 | D:4      | Killed an ogre
  2849 | D:4      | Noticed an ogre
  2855 | D:4      | Killed an ogre
  2855 | D:4      | Reached skill level 1 in Short Blades
  2855 | D:4      | Reached XP level 7. HP: 55/55 MP: 7/7
  3265 | Temple   | Entered the Ecumenical Temple
  3402 | Temple   | Became a worshipper of Warmaster Okawaru
  3460 | D:5      | Entered Level 5 of the Dungeon
  3474 | D:5      | Reached skill level 3 in Armour
  3865 | D:5      | Noticed Ijyb
  3874 | D:5      | Killed Ijyb
  4047 | D:5      | Reached skill level 5 in Fighting
  4099 | D:5      | Noticed a water moccasin
  4105 | D:5      | Killed a water moccasin
  4105 | D:5      | Reached * piety under Okawaru
  4105 | D:5      | Reached XP level 8. HP: 62/62 MP: 8/8
  4303 | D:5      | Noticed Duvessa
  4303 | D:5      | Noticed Dowan
  4320 | D:5      | Killed Duvessa
  4320 | D:5      | Reached skill level 4 in Armour
  4337 | D:5      | Killed Dowan
  4471 | D:6      | Got a sheer robe
  4585 | D:6      | Reached ** piety under Okawaru
  4638 | D:6      | Reached XP level 9. HP: 68/69 MP: 9/9
  4708 | D:6      | Reached skill level 5 in Shields
  4771 | D:6      | Reached skill level 5 in Armour
  4824 | D:6      | Found a glowing silver altar of Zin.
  4825 | D:6      | Found a bloodstained altar of Trog.
  4858 | D:6      | Found a radiant altar of Vehumet.
  4862 | D:6      | Found a hazy altar of Hepliaklqana.
  5399 | D:7      | Reached *** piety under Okawaru
  5578 | D:7      | Got a warped quarterstaff
  5579 | D:7      | Identified the +6 quarterstaff of Glory {drain, Dex+4} (You
                  | found it on level 7 of the Dungeon)
  5749 | D:7      | Reached skill level 1 in Staves
  6401 | D:8      | Noticed a queen bee
  6424 | D:8      | Reached skill level 6 in Armour
  6432 | D:8      | Reached XP level 10. HP: 79/79 MP: 7/10
  6611 | D:8      | Received a gift from Okawaru
  6681 | D:8      | Reached **** piety under Okawaru
  6981 | D:8      | Reached skill level 7 in Armour
  7203 | D:9      | Noticed a two-headed ogre
  7221 | D:9      | Killed a two-headed ogre
  7273 | D:9      | Noticed Gun Zenu's ghost (novice GrFi)
  7508 | D:9      | Found a transporter.
  7520 | D:9      | Reached ***** piety under Okawaru
  7527 | D:9      | Received a gift from Okawaru
  7529 | D:9      | Found a transporter.
  7552 | D:9      | Noticed a komodo dragon
  7601 | D:9      | Noticed a deep elf mage
  7614 | D:9      | Killed a deep elf mage
  7614 | D:9      | Reached XP level 11. HP: 87/87 MP: 8/11
  7678 | D:9      | Received a gift from Okawaru
  7719 | D:9      | Noticed a moth of wrath
  7877 | D:10     | Entered Level 10 of the Dungeon
  7933 | D:10     | Found a staircase to the Lair.
  7991 | D:10     | Reached skill level 1 in Invocations
  7997 | D:10     | Noticed a queen ant
  8013 | D:10     | Killed a queen ant
  8013 | D:10     | Received a gift from Okawaru
  8013 | D:10     | Reached skill level 8 in Armour
  8025 | D:10     | Reached skill level 5 in Staves
  8214 | D:10     | Noticed Erolcha
  8222 | D:10     | Killed Erolcha
  8268 | D:9      | Received a gift from Okawaru
  8949 | D:10     | Received a gift from Okawaru
  9053 | D:10     | Got a brightly glowing hunting sling
  9054 | D:10     | Identified the +10 hunting sling "Tint" {vorpal, *Contam
                  | rPois rF++ Int+2} (You found it on level 10 of the Dungeon)
  9386 | D:11     | Reached skill level 1 in Slings
  9628 | D:11     | Noticed a cyclops
  9638 | D:11     | Killed a cyclops
  9858 | D:11     | Reached XP level 12. HP: 87/96 MP: 15/15
 10058 | D:11     | Reached skill level 9 in Armour
 10058 | D:11     | Reached skill level 5 in Invocations
 10069 | D:11     | Noticed a four-headed hydra
 10081 | D:11     | Killed a four-headed hydra
 10219 | D:11     | Noticed a two-headed ogre
 10224 | D:11     | Killed a two-headed ogre
 10224 | D:11     | Received a gift from Okawaru
 10228 | D:11     | Noticed Urug
 10241 | D:11     | Killed Urug
 10241 | D:11     | Reached skill level 10 in Fighting
 10550 | Lair:1   | Entered Level 1 of the Lair of Beasts
 10589 | Lair:1   | Noticed Grum
 10616 | Lair:1   | Killed Grum
 10682 | Lair:1   | Noticed a six-headed hydra
 10706 | Lair:1   | Killed a six-headed hydra
 10713 | Lair:1   | Received a gift from Okawaru
 10713 | Lair:1   | Reached skill level 10 in Armour
 10957 | Lair:1   | Noticed Thantalas's ghost (journeyman TrFi)
 11069 | Lair:1   | Found a runed translucent gate.
 11069 | Lair:1   | Found a runed translucent gate.
 11069 | Lair:1   | Found a runed translucent gate.
 11914 | Lair:2   | Reached XP level 13. HP: 92/105 MP: 18/18
 12560 | Lair:3   | Found a staircase to the Snake Pit.
 12717 | Lair:3   | Noticed a five-headed hydra
 12750 | Lair:3   | Killed a five-headed hydra
 12750 | Lair:3   | Received a gift from Okawaru
 12969 | Lair:3   | Noticed a five-headed hydra
 12975 | Lair:3   | Killed a five-headed hydra
 13111 | Lair:3   | Received a gift from Okawaru
 13242 | Lair:3   | Noticed a six-headed hydra
 13252 | Lair:3   | Killed a six-headed hydra
 13252 | Lair:3   | Received a gift from Okawaru
 13584 | Lair:3   | Reached skill level 11 in Armour
 13637 | Lair:4   | Noticed a seven-headed hydra
 13644 | Lair:4   | Killed a seven-headed hydra
 13708 | Lair:4   | Received a gift from Okawaru
 13929 | Lair:4   | Noticed a four-headed hydra
 13940 | Lair:4   | Killed a four-headed hydra
 14100 | Lair:4   | Identified the +2 robe of Loss {rC+ Str+4} (You found it on
                  | level 6 of the Dungeon)
 14424 | Lair:4   | Found a staircase to the Shoals.
 15072 | Lair:4   | Reached XP level 14. HP: 92/115 MP: 20/20
 15253 | Lair:4   | Received a gift from Okawaru
 15690 | Lair:5   | Reached skill level 10 in Staves
 15804 | Lair:5   | Found a runed translucent door.
 15813 | Lair:5   | Reached ****** piety under Okawaru
 15897 | Lair:5   | Found a viscous altar of Jiyva.
 15898 | Lair:5   | Noticed an azure jelly
 15899 | Lair:5   | Found a staircase to the Slime Pits.
 15900 | Lair:5   | Noticed an azure jelly
 15900 | Lair:5   | Noticed an azure jelly
 16024 | Lair:5   | Identified Igetepic's Catalogue of Dislocated Cold
 16108 | Lair:5   | Reached skill level 12 in Armour
 16181 | Lair:6   | Entered Level 6 of the Lair of Beasts
 16598 | Lair:6   | Noticed Snorg
 16623 | Lair:6   | Killed Snorg
 17010 | Lair:6   | Found a burning altar of Makhleb.
 17049 | Lair:6   | Received a gift from Okawaru
 17142 | Lair:6   | Received a gift from Okawaru
 17148 | Lair:6   | Got a jasper-studded plate armour {god gift}
 17181 | Lair:6   | Identified the +1 plate armour of Exclusion {Dex-3 Slay+3
                  | SInv} (Okawaru gifted it to you on level 6 of the Lair of
                  | Beasts)
 18501 | Lair:6   | Identified the Papyrus of Conjuration
 18899 | D:11     | Reached XP level 15. HP: 116/124 MP: 15/21
 19148 | D:12     | Received a gift from Okawaru
 19189 | D:12     | Reached skill level 13 in Armour
 19338 | D:12     | Found a staircase to the Orcish Mines.
 19977 | D:13     | Noticed Sonja
 19987 | D:13     | Killed Sonja
 20258 | D:13     | Found a gate to the Vaults.
 20879 | D:14     | Found a frozen archway.
 20932 | IceCv    | Entered an ice cave
 20951 | IceCv    | Received a gift from Okawaru
 20954 | IceCv    | Got a pair of spiked boots {god gift}
 20966 | IceCv    | Identified the -6 pair of boots of Okawaru's Reproof {rC-
                  | Str+4} (Okawaru gifted it to you in an ice cave)
 23026 | D:15     | Entered Level 15 of the Dungeon
 23343 | D:15     | Found a sacrificial altar of Ru.
 23360 | D:15     | Reached XP level 16. HP: 129/133 MP: 20/22
 23745 | D:15     | Reached skill level 14 in Armour
 23764 | D:15     | Received a gift from Okawaru
 23924 | D:15     | Found a staircase to the Depths.
 23951 | D:15     | Received a gift from Okawaru
 24531 | Orc:1    | Entered Level 1 of the Orcish Mines
 24887 | Lair:1   | Killed Thantalas's ghost
 24898 | Lair:1   | Reached skill level 15 in Fighting
 24924 | Lair:1   | Got a scorched golden amulet
 24929 | Lair:1   | Identified the amulet "Emnezxij" {+Rage Str+4} (You found
                  | it on level 1 of the Lair of Beasts)
 25217 | D:9      | Killed Gun Zenu's ghost
 25228 | D:9      | Identified the Volume of Evil and Talismans
 25335 | Orc:2    | Entered Level 2 of the Orcish Mines
 25419 | Orc:2    | Noticed Saint Roka
 26277 | Orc:1    | Received a gift from Okawaru
 26782 | Orc:1    | Killed Saint Roka
 26782 | Orc:1    | Received a gift from Okawaru
 26782 | Orc:1    | Reached skill level 15 in Armour
 27410 | Orc:2    | Noticed Blork the orc
 27413 | Orc:2    | Killed Blork the orc
 27417 | Orc:2    | Found a roughly hewn altar of Beogh.
 27456 | Orc:2    | Found Sumin's General Store.
 27467 | Orc:2    | Found Xiojishra's Jewellery Shoppe.
 27477 | Orc:2    | Found Jinaluh's Antique Armour Shoppe.
 27546 | Orc:2    | Bought a potion of curing for 42 gold pieces
 27778 | Orc:2    | Found Ganwem's Antique Weapon Shoppe.
 27794 | Orc:2    | Found a staircase to the Elven Halls.
 28148 | Orc:2    | Bought a smoking plate armour for 728 gold pieces
 28164 | Orc:2    | Bought an uncursed amulet of regeneration for 450 gold
                  | pieces
 28174 | Orc:2    | Identified the +4 plate armour of Elyvilon's Generosity
                  | {rC+ rN+} (You bought it in a shop on level 2 of the Orcish
                  | Mines)
 28329 | Lair:3   | Learned a level 3 spell: Portal Projectile
 28334 | Lair:3   | Learned a level 4 spell: Passage of Golubria
 28335 | Snake:1  | Entered Level 1 of the Snake Pit
 28350 | Lair:3   | Reached XP level 17. HP: 140/144 MP: 6/23
 28445 | Snake:1  | Noticed Jorgrun
 28720 | Lair:3   | Killed Jorgrun
 28720 | Lair:3   | Reached skill level 1 in Translocations
 28750 | Snake:1  | Noticed Aizul
 28775 | Lair:3   | Killed Aizul
 30000 | Snake:2  | Reached skill level 10 in Crossbows
 30657 | Snake:2  | Received a gift from Okawaru
 30935 | Snake:2  | Reached skill level 16 in Armour
 31187 | Snake:2  | Reached skill level 5 in Translocations
 31935 | Snake:3  | Received a gift from Okawaru
 32516 | Snake:3  | Received a gift from Okawaru
 32955 | Snake:3  | Noticed Asterion
 32993 | Snake:2  | Killed Asterion
 33308 | Snake:3  | Reached XP level 18. HP: 151/151 MP: 24/24
 33525 | Snake:4  | Entered Level 4 of the Snake Pit
 33752 | Snake:4  | Received a gift from Okawaru
 34107 | Snake:4  | Reached skill level 1 in Spellcasting
 34825 | Snake:4  | Received a gift from Okawaru
 35902 | Snake:4  | Reached skill level 5 in Spellcasting
 36143 | Snake:4  | Got a serpentine rune of Zot
 36707 | Snake:4  | Identified a scroll of acquirement
 36707 | Snake:4  | Identified the +0 quarterstaff of Callousness {vorpal,
                  | Stlth+} (You acquired it on level 4 of the Snake Pit)
 36840 | Shoals:1 | Entered Level 1 of the Shoals
 36983 | Shoals:1 | Reached XP level 19. HP: 137/157 MP: 8/27
 37088 | Shoals:1 | Received a gift from Okawaru
 37779 | Shoals:1 | Found a runed translucent gate.
 37782 | Shoals:1 | Found a runed translucent gate.
 37782 | Shoals:1 | Found an opulent altar of Gozag.
 37783 | Shoals:1 | Found a runed translucent gate.
 37836 | Shoals:1 | Noticed jt's ghost (journeyman DgFi)
 38706 | Shoals:2 | Reached skill level 17 in Armour
 40091 | Shoals:2 | Noticed a titan
 40235 | Shoals:2 | Received a gift from Okawaru
 40589 | Shoals:3 | Received a gift from Okawaru
 41815 | Shoals:4 | Entered Level 4 of the Shoals
 42001 | Shoals:4 | Noticed Bai Suzhen
 42011 | Shoals:4 | Killed Bai Suzhen
 42011 | Shoals:4 | Received a gift from Okawaru
 42017 | Shoals:4 | Got a jewelled lajatang {god gift}
 42018 | Shoals:4 | Identified the +6 lajatang "Qookhleq" {freeze, Int+4}
                  | (Okawaru gifted it to you on level 4 of the Shoals)
 43071 | Shoals:4 | Reached XP level 20. HP: 164/164 MP: 32/32
 43365 | Shoals:4 | Got a barnacled rune of Zot
 43889 | Vaults:1 | Entered Level 1 of the Vaults
 43913 | Vaults:1 | Received a gift from Okawaru
 44094 | Vaults:1 | You fall into a shaft and drop 1 floor!
 44196 | Vaults:2 | Found a staircase to the Crypt.
 44585 | Vaults:2 | Received a gift from Okawaru
 44706 | Vaults:2 | Reached skill level 10 in Spellcasting
 44755 | Vaults:2 | Received a gift from Okawaru
 45410 | Vaults:1 | Reached skill level 15 in Crossbows
 45467 | Vaults:1 | Received a gift from Okawaru
 46187 | Vaults:1 | Received a gift from Okawaru
 46601 | Vaults:1 | Reached skill level 10 in Translocations
 46633 | Vaults:1 | Reached XP level 21. HP: 170/170 MP: 36/36
 46661 | Vaults:1 | Identified the ring of Understanding {*Drain +Fly MR++
                  | Dex-4 Slay+4} (You acquired it on level 1 of the Vaults)
 46754 | Vaults:1 | Reached skill level 18 in Armour
 47523 | Vaults:1 | Got a crystal hand crossbow
 47524 | Vaults:1 | Identified the cursed +2 hand crossbow of Kismet {flame,
                  | rN+} (You found it on level 1 of the Vaults)
 47680 | Vaults:2 | Received a gift from Okawaru
 47719 | Vaults:2 | Reached skill level 1 in Hexes
 47752 | Vaults:2 | Received a gift from Okawaru
 48051 | Vaults:2 | Received a gift from Okawaru
 49576 | Vaults:3 | Learned a level 2 spell: Shroud of Golubria
 50090 | Vaults:3 | Reached skill level 5 in Hexes
 50124 | Vaults:3 | Found Miraugism's Jewellery Boutique.
 50290 | Vaults:3 | Reached skill level 5 in Dodging
 50314 | Vaults:3 | Reached XP level 22. HP: 153/179 MP: 12/37
 50484 | Vaults:3 | Received a gift from Okawaru
 50782 | Vaults:3 | Received a gift from Okawaru
 50967 | Vaults:3 | Cast into level 2 of the Abyss (war gargoyle)
 51042 | Abyss:2  | Received a gift from Okawaru
 51053 | Abyss:2  | Got a polished morningstar
 51054 | Abyss:2  | Identified the +3 morningstar of Fedhas's Delight {elec,
                  | Dex+4 SInv} (You found it on level 2 of the Abyss)
 51056 | Abyss:2  | Reached XP level 23. HP: 173/186 MP: 38/38
 51295 | Abyss:2  | Found a corrupted altar of Lugonu.
 51340 | Vaults:3 | Escaped the Abyss
 51346 | Vaults:3 | Received a gift from Okawaru
 51629 | Vaults:3 | Found a runed translucent gate.
 51629 | Vaults:3 | Found a runed translucent gate.
 51629 | Vaults:3 | Found a runed translucent gate.
 51629 | Vaults:3 | Noticed Xiaferph's ghost (veteran GnWz)
 51629 | Vaults:3 | Noticed an ancient lich
 51630 | Vaults:3 | Found an ancient bone altar of Kikubaaqudgha.
 51630 | Vaults:3 | Noticed Vileos's ghost (adept DsGl)
 51630 | Vaults:3 | Noticed an ancient lich
 51800 | Vaults:3 | Slain by a phantasmal warrior

Levels and vault maps discovered:
D:1:      minmay_arrival_doors, layout_basic, chequers_mini_garden
D:2:      layout_basic, nicolae_ashenzari_panopticon, first_ration
D:3:      layout_basic
D:4:      layout_basic, yredelemnul_altar_generic,
          minmay_temple_entry_statues_fountains
D:5:      layout_gridville, uniq_ijyb, uniq_duvessa
D:6:      layout_basic, nicolae_overflow_hidden_temple
D:7:      layout_rooms, kb_lookout_dungeons_type
D:8:      layout_basic, david_nohive_1
D:9:      layout_irregular_city, gammafunk_ghost_berserking_beasts
D:10:     layout_loops_cross, lair_entry_dummy, minmay_another_anthill,
          uniq_erolcha
D:11:     layout_loops_ring, uniq_urug
D:12:     layout_cave_pools, orc_0_dummy, palyth_stone_intersect
D:13:     layout_cave_pools, david_vaults_2, special_room [special_room_bee],
          small_statue_alley_a, uniq_sonja
D:14:     layout_basic, portal_ice_cave_entry_imps, minmay_hedge_maze
D:15:     gammafunk_enter_depths_forms, layout_small_grid,
          hangedman_abyss_or_decor_lesser_grid, nicolae_ru_sacrificial_ziggurat
Temple:   nicolae_temple_elliptical
Lair:1:   layout_loops_ring, gammafunk_ghost_split, beast_lair_carwin_8,
          infiniplex_staircase_pool, uniq_grum
Lair:2:   layout_hall_layers, grunt_megastairs_5, lemuel_fruit_tree
Lair:3:   beast_lair_carwin_large_1, layout_chaotic_city,
          minmay_snake_entry_guardpost_small, serial_bayou_shore_a
Lair:4:   layout_long_grid, minmay_shoals_entry_centaurs, forest_entry_grove,
          grunt_megastairs_2
Lair:5:   layout_cave_shapes, slime_altar_2, serial_bayou_shore_b
Lair:6:   minmay_lair_end_enchanted_forest, layout_long_grid, basic_altar,
          minmay_lair_oklob_chamber, uniq_snorg
Shoals:1: cheibrodos_shoals_satyrical_garden, layout_shoals, ebering_ghost_gozag
Shoals:2: cheibrodos_shoals_gigantism, layout_shoals
Shoals:3: layout_shoals, nicolae_shoals_kraken_intersection
Shoals:4: shoals_end_grunt_ice, layout_shoals, uniq_bai_suzhen
Snake:1:  layout_onion_interference, uniq_jorgrun, uniq_aizul
Snake:2:  layout_honeycomb
Snake:3:  layout_rooms, uniq_asterion
Snake:4:  snake_pit, layout_rooms
Orc:1:    layout_caves
Orc:2:    grunt_orc_cross, layout_diamond_mine, uniq_saint_roka
Vaults:1: nicolae_vaults_specimen_jars, nicolae_vaults_meeting, v_rooms_3,
          v_rooms_2, grunt_vaults_hallway_short, nicolae_vaults_network_square,
          vaults_dpeg_ring, vaults_room_grunt_arrival_ludios,
          layout_vaults_omnigrid
Vaults:2: v_misc_10, nicolae_vaults_back_hallway, vaults_standard_mumra_x,
          ontoclasm_vaults_spin, minmay_crypt_entry_simple_round,
          hangedman_vaults_stitches, st_more_cells, v_misc_30,
          vaults_dpeg_encased_lava, hangedman_vaults_restitches,
          ontoclasm_vaults_loading_screen, vaults_room_pool,
          ontoclasm_vaults_shuriken, layout_vaults_omnibox
Vaults:3: gammafunk_vaults_ghost_crypt, ontoclasm_vaults_fault,
          ontoclasm_vaults_misaligned, vaults_room_boxed, vaults_room_fours,
          v_misc_22, hangedman_vaults_pinch, v_misc_23, v_misc_14,
          vaults_mumra_hex, layout_vaults_ring, serial_shops, nicolae_shop_trees
Vaults:4: v_misc_18, nicolae_vaults_network_s, ontoclasm_vaults_ring_small,
          v_pattern_3, st_lines, vaults_mumra_minichess_inversion,
          nicolae_vaults_yaktaur_gun_rack, layout_vaults_chaotic_city,
          serial_shops, shop_fountains

Skill      XL: |  1  2  3  4  5  6  7  8  9 10 11 12 13 14 15 16 17 18 19 20 21 22 23 |
---------------+----------------------------------------------------------------------+-----
Dodging        | 2 5 6 |  6.4
Fighting       | 3 4 5 7 8 9 10 12 13 14 15 16 17 | 17.0
Armour         | 1 2 3 4 6 7 8 10 11 12 13 15 16 17 18 | 18.0
Shields        | 1 2 3 4 6 8 9 |  9.0
Crossbows      | 5 6 7 8 9 11 13 14 15 16 17 | 17.5
Short Blades   | 1 2 3 4 |  4.3
Staves         | 1 4 6 7 9 11 13 14 | 14.0
Invocations    | 4 7 9 |  9.0
Slings         | 1 2 |  2.1
Translocations | 6 8 9 10 | 10.1
Spellcasting   | 5 8 11 | 11.3
Hexes          | 5 6 7 |  7.6
Stealth        | |  1.2

Action                   |  1- 3 |  4- 6 |  7- 9 | 10-12 | 13-15 | 16-18 | 19-21 | 22-24 || total
-------------------------+-------+-------+-------+-------+-------+-------+-------+-------++-------
Melee: Short sword       |       |    10 |       |       |       |       |       |       ||    10
       Rapier            |       |    20 |   143 |       |       |       |       |       ||   163
       Quarterstaff      |       |       |    52 |   574 |   944 |  1036 |   190 |       ||  2796
       Lajatang          |       |       |       |       |       |    18 |   704 |   176 ||   898
 Fire: Hand crossbow     |    53 |    61 |    82 |   124 |   459 |       |    40 |       ||   819
       Hunting sling     |       |       |       |    15 |       |       |       |       ||    15
       Arbalest          |       |       |       |       |   105 |   564 |   826 |   151 ||  1646
 Cast: Portal Projectile |       |       |       |       |       |       |     4 |     4 ||     8
       Passage of Golubr |       |       |       |       |       |       |     1 |       ||     1
       Shroud of Golubri |       |       |       |       |       |       |     1 |       ||     1
Invok: Heroism           |       |       |     3 |    11 |    12 |    13 |     8 |     2 ||    49
       Finesse           |       |       |       |     5 |    12 |    16 |     8 |     2 ||    43
 Abil: Dig               |       |       |       |     4 |    17 |    35 |     1 |       ||    57
Evoke: Wand              |       |       |       |       |       |     3 |       |       ||     3
  Use: Scroll            |       |       |    15 |     2 |    16 |     9 |     5 |     1 ||    48
       Potion            |       |       |       |       |       |     5 |     3 |     4 ||    12
  Eat: Chunk             |     1 |     5 |    11 |    18 |    32 |    19 |    34 |     2 ||   122
       Ration            |       |       |       |     2 |     2 |    12 |     3 |     1 ||    20
Armor: Chain mail        |     9 |    21 |    56 |   134 |   165 |       |       |       ||   385
       Leather armour    |     1 |       |       |       |       |       |       |       ||     1
       Plate armour      |       |       |       |       |   169 |   217 |   237 |       ||   623
       Storm dragon scal |       |       |       |       |       |       |   187 |    53 ||   240
Dodge: Dodged            |     9 |     9 |   104 |   211 |   484 |   295 |   549 |    65 ||  1726
       Deflected         |       |       |       |     2 |    28 |    80 |   104 |     5 ||   219
Block: Kite shield       |       |    20 |   183 |   386 |   741 |   573 |   878 |   146 ||  2927
       Reflection        |       |       |       |       |       |       |    55 |     1 ||    56

Table legend:
 A = Non-vault XP
 B = Vault XP
 C = Vault XP percentage of total XP
 D = Non-vault monster count
 E = Vault monster count
 F = Vault count percentage of total count
                 A         B        C        D         E       F
            +---------+---------+-------+---------+---------+-------
      Total |  347698 |  197851 |  36.3 |     902 |     461 |  33.8
            +---------+---------+-------+---------+---------+-------
        D:1 |      40 |       0 |   0.0 |      12 |       0 |   0.0
        D:2 |      37 |       0 |   0.0 |      11 |       0 |   0.0
        D:3 |     161 |       0 |   0.0 |      13 |       0 |   0.0
        D:4 |     365 |       0 |   0.0 |      10 |       0 |   0.0
        D:5 |     665 |     254 |  27.6 |      20 |       3 |  13.0
        D:6 |    1333 |       0 |   0.0 |      28 |       0 |   0.0
        D:7 |     570 |     115 |  16.8 |      16 |       1 |   5.9
        D:8 |    1366 |    1164 |  46.0 |      25 |      15 |  37.5
        D:9 |    2759 |    2442 |  47.0 |      13 |      10 |  43.5
       D:10 |    1629 |    3269 |  66.7 |      10 |      26 |  72.2
       D:11 |    5778 |     800 |  12.2 |      24 |       1 |   4.0
       D:12 |    6205 |     410 |   6.2 |      26 |       3 |  10.3
       D:13 |    4972 |    4359 |  46.7 |      21 |      21 |  50.0
       D:14 |   11527 |     121 |   1.0 |      47 |      12 |  20.3
       D:15 |   14326 |    4144 |  22.4 |      37 |       8 |  17.8
     Lair:1 |    6409 |    3700 |  36.6 |      27 |      15 |  35.7
     Lair:2 |     320 |    1193 |  78.8 |       2 |       6 |  75.0
     Lair:3 |    5152 |    8350 |  61.8 |      19 |      17 |  47.2
     Lair:4 |    8859 |    1553 |  14.9 |      23 |      10 |  30.3
     Lair:5 |    7976 |     220 |   2.7 |      33 |       1 |   2.9
     Lair:6 |    2933 |   14765 |  83.4 |      11 |      56 |  83.6
   Shoals:1 |   11333 |    4470 |  28.3 |      23 |       8 |  25.8
   Shoals:2 |   15395 |    1518 |   9.0 |      24 |       3 |  11.1
   Shoals:3 |   15729 |    2548 |  13.9 |      32 |       1 |   3.0
   Shoals:4 |    7377 |   20574 |  73.6 |      18 |      27 |  60.0
    Snake:1 |    6927 |       0 |   0.0 |      18 |       0 |   0.0
    Snake:2 |   22704 |    2852 |  11.2 |      36 |       1 |   2.7
    Snake:3 |   19792 |     798 |   3.9 |      31 |       1 |   3.1
    Snake:4 |   21262 |   30056 |  58.6 |      40 |      41 |  50.6
      Orc:1 |    3178 |    5220 |  62.2 |      12 |       6 |  33.3
      Orc:2 |    4538 |    8439 |  65.0 |      19 |      47 |  71.2
   Vaults:1 |   23343 |   28611 |  55.1 |      37 |      33 |  47.1
   Vaults:2 |   55074 |   24719 |  31.0 |      95 |      42 |  30.7
   Vaults:3 |   39226 |   15182 |  27.9 |      59 |      25 |  29.8
   Vaults:4 |    3645 |     621 |  14.6 |       6 |       1 |  14.3
    Abyss:2 |   14793 |       0 |   0.0 |      24 |       0 |   0.0
      IceCv |       0 |    5384 | 100.0 |       0 |      20 | 100.0
            +---------+---------+-------+---------+---------+-------
